[Event "ICCopen2017"]
[Site "Internet Chess Club"]
[Date "2017.03.26"]
[Round "4"]
[White "Butters"]
[Black "BlueGreen"]
[Result "0-1"]
[ICCResult "White forfeits on time"]
[WhiteElo "2494"]
[BlackElo "2742"]
[Opening "Anderssen's opening"]
[ECO "A00"]
[NIC "VO.14"]
[Time "19:41:44"]
[TimeControl "180+0"]

1. a3 d5 2. e3 c5 3. b3 Nf6 4. Bb2 e6 5. Nf3 Bd6 6. Be2 Nc6 7. d4 cxd4 8.
Nxd4 O-O 9. O-O e5 10. Nxc6 bxc6 11. c4 Rb8 12. cxd5 cxd5 13. Nc3 Be6 14.
Nb5 d4 15. exd4 exd4 16. Qxd4 Bd5 17. Nxd6 Qxd6 18. Bc4 Qe6 19. Rfe1 Qc6 20.
Bxd5 Qxd5 21. Qxd5 Nxd5 22. b4 Nb6 23. Bd4 Rfd8 24. Bc5 h6 25. Rad1 Re8 26.
h3 Kh7 27. Kh2 f6 28. Kg3 Kg6 29. Re3 Nc4 30. Rxe8 Rxe8 31. a4 a6 32. Rd4
Ne5 33. Rd6 Ra8 34. a5 Nc4 35. Rd7 Ne5 36. Rb7 Nd3 37. Be3 Ne5 38. f4 Nc4
39. Bc5 Na3 40. Kf3 Nb5 41. g4 f5 42. Rb6+ Kh7 43. gxf5 Nc3 44. Rb7 Nd5 45.
Bd4 Rg8 46. f6 Kg6 47. Rxg7+ Rxg7 48. fxg7 Kf7 49. b5 axb5 50. a6 Nc7 51. a7
b4 52. Ke4 Na8 53. Kd5 b3 54. Kc6 h5 55. Kb7 b2 56. Bxb2 Nc7 57. Kxc7 Kg6
58. a8=Q Kf5 59. Qe4+ Kxe4 60. g8=Q Kf3 61. Qh7 h4 {White forfeits on time}
0-1

[Event "ICCopen2017"]
[Site "Internet Chess Club"]
[Date "2017.03.26"]
[Round "4"]
[White "knightspirit"]
[Black "Monterrey"]
[Result "0-1"]
[ICCResult "White forfeits on time"]
[WhiteElo "1248"]
[BlackElo "1627"]
[Opening "French: exchange variation"]
[ECO "C01"]
[NIC "FR.01"]
[Time "19:41:43"]
[TimeControl "180+0"]

1. e4 e6 2. d4 d5 3. exd5 exd5 4. Nf3 Nc6 5. Bd3 Bd6 6. c3 Bg4 7. h3 Bh5 8.
g4 Bg6 9. Bg5 f6 10. Be3 Nge7 11. Qc2 Qd7 12. Nbd2 O-O-O 13. O-O-O Kb8 14.
Bxg6 Nxg6 15. Rhe1 Rhe8 16. Nb3 b6 17. Bd2 Kb7 18. Rxe8 Rxe8 19. Re1 a5 20.
Rxe8 Qxe8 21. Qd1 a4 22. Na1 Na5 23. Nc2 Nc4 24. Qe1 Qxe1+ 25. Ncxe1 Nf4 26.
Bxf4 Bxf4+ 27. Kc2 Kc6 28. Nd3 Bd6 29. b3 Na5 30. Nb4+ Bxb4 31. cxb4 axb3+
32. axb3 Nb7 33. Nh4 g6 34. f4 Kb5 35. Kc3 Nd6 36. f5 Ne4+ 37. Kc2 g5 38.
Ng2 Kxb4 39. Ne3 c6 40. Nd1 Nf2 41. Nxf2 c5 42. dxc5 bxc5 43. Nd3+ Kb5 44.
Kc3 Kc6 45. b4 c4 46. Nb2 Kb5 47. Nd1 d4+ 48. Kxd4 Kxb4 49. Ne3 c3 50. Nc2+
Kb3 51. Ne3 Kb2 52. Kd3 c2 53. Nxc2 Kb3 54. Ne3 Kb2 55. Kd4 Kc1 56. Kd5 Kd2
57. Ke6 Kxe3 58. Kxf6 Kf4 59. Kg7 Kg3 60. Kxh7 Kxh3 61. Kh6 Kxg4 62. f6 Kh4
63. f7 g4 {White forfeits on time} 0-1

[Event "ICCopen2017"]
[Site "Internet Chess Club"]
[Date "2017.03.26"]
[Round "4"]
[White "fishmaster"]
[Black "Soulbrother"]
[Result "1/2-1/2"]
[ICCResult "Black ran out of time and White has no material to mate"]
[WhiteElo "1730"]
[BlackElo "1387"]
[Opening "Lengfellner system"]
[ECO "B07"]
[NIC "VO.17"]
[Time "19:41:47"]
[TimeControl "180+0"]

1. e4 d6 2. d4 e6 3. Nf3 Be7 4. Nc3 Nf6 5. Bd3 Nbd7 6. O-O e5 7. Be3 O-O 8.
Qd2 Ng4 9. h3 Nxe3 10. Qxe3 Nf6 11. Rad1 Nh5 12. dxe5 dxe5 13. Nxe5 Bd6 14.
Nc4 Bf4 15. Qf3 Qg5 16. Be2 Nf6 17. e5 Ne8 18. Ne4 Qh6 19. g3 Bg5 20. Nxg5
Qxg5 21. h4 Qg6 22. Bd3 Qe6 23. Qg2 g6 24. f4 Ng7 25. Ne3 Qb6 26. Kh2 Qxe3
27. Rfe1 Qb6 28. g4 Ne6 29. Rf1 Bd7 30. f5 Bc6 31. Qg3 Nd4 32. c3 Nxf5 33.
gxf5 Kh8 34. h5 Rad8 35. Rg1 Qxb2+ 36. Kh3 Qxc3 37. hxg6 fxg6 38. fxg6 Rf3
39. g7+ Kg8 40. Bxh7+ Kxh7 41. Rxd8 Rxg3+ 42. Rxg3 Qxg3+ 43. Kxg3 Kxg7 44.
Rc8 Kf7 45. Rxc7+ Ke6 46. Rxc6+ bxc6 47. Kf3 c5 48. Ke3 Kxe5 49. Kd3 Kd5 50.
Kc3 a6 51. a3 a5 52. Kc2 a4 53. Kc3 Ke5 54. Kd3 Kd5 55. Kc3 c4 56. Kc2 Kc5
57. Kd2 Kd4 58. Kc2 c3 59. Kc1 Kc4 60. Kb1 Kb3 61. Kc1 Kxa3 62. Kd1 Kb3 63.
Ke1 a3 64. Kf2 {Black ran out of time and White has no material to mate}
1/2-1/2

[Event "ICCopen2017"]
[Site "Internet Chess Club"]
[Date "2017.03.26"]
[Round "4"]
[White "nadalthegreat"]
[Black "tsedaka26"]
[Result "0-1"]
[ICCResult "White checkmated"]
[WhiteElo "2066"]
[BlackElo "1654"]
[Opening "Benoni: fianchetto variation"]
[ECO "A62"]
[NIC "BI.23"]
[Time "19:42:15"]
[TimeControl "180+0"]

1. d4 Nf6 2. c4 c5 3. d5 e6 4. Nc3 exd5 5. cxd5 d6 6. Nf3 g6 7. g3 Bg7 8.
Bg2 O-O 9. O-O Re8 10. Re1 Ne4 11. Nxe4 Rxe4 12. Qc2 Bf5 13. Qb3 Rb4 14. Qa3
Nd7 15. Nd2 Nb6 16. e4 Bd7 17. Rb1 Ra4 18. Qb3 c4 19. Qc2 Rxa2 20. Nxc4 Nxc4
21. Qxc4 Ra4 22. Qb3 b5 23. Bf4 Qb6 24. e5 dxe5 25. Bxe5 Rc8 26. Bxg7 Kxg7
27. Re7 Qd6 28. Rbe1 Rac4 29. h4 Rc1 30. Kh2 Rxe1 31. Rxe1 a5 32. Qd3 Qf6
33. d6 Qxf2 34. Re2 Qf6 35. Re7 Be6 36. Rc7 Rd8 37. d7 Qxb2 38. Kg1 Qe5 39.
Rb7 b4 40. Bc6 b3 41. Rxb3 Bxb3 42. Qxb3 Qc5+ 43. Kg2 Qxc6+ 44. Kh2 Qxd7 45.
Qb2+ Qd4 46. Qb7 Qd2+ 47. Kh3 Qd7+ 48. Qxd7 Rxd7 49. Kg4 Ra7 50. Kf3 a4 51.
g4 a3 52. Kf4 a2 53. g5 a1=Q 54. h5 Qd4+ 55. Kg3 Ra3+ 56. Kg2 Qb2+ 57. Kf1
Ra1# {White checkmated} 0-1

[Event "ICCopen2017"]
[Site "Internet Chess Club"]
[Date "2017.03.26"]
[Round "4"]
[White "sacov"]
[Black "RdgMx"]
[Result "1-0"]
[ICCResult "Black resigns"]
[WhiteElo "2144"]
[BlackElo "1835"]
[Opening "QGD semi-Slav"]
[ECO "D43"]
[NIC "QO.17"]
[Time "19:42:48"]
[TimeControl "180+0"]

1. d4 e6 2. Nf3 d5 3. c4 c6 4. Nc3 Nf6 5. Bg5 Be7 6. e3 Nbd7 7. Bd3 h6 8.
Bh4 O-O 9. O-O Re8 10. Rc1 b6 11. Re1 Bb7 12. h3 c5 13. Bg3 dxc4 14. Bxc4
cxd4 15. Nxd4 Nc5 16. b4 Nce4 17. Nxe4 Bxe4 18. Qb3 Rc8 19. Rcd1 b5 20. Bxb5
Rf8 21. Nxe6 Qb6 22. Bc4 Rfe8 23. Nd4 Bg6 24. b5 Bc5 25. Nc6 Ne4 26. Bf4 Nf6
27. a4 Qb7 28. Bg3 Ne4 29. Bh2 Bf8 30. Rd4 Nc5 31. Qa2 Ne6 32. Rd2 Nc5 33.
Red1 Ne4 34. Rd7 Qa8 35. Bxf7+ Bxf7 36. Qxf7+ Kh7 37. Qf5+ Kg8 38. Qg6 Ng5
39. h4 Ne6 40. Be5 a6 41. f4 axb5 42. axb5 Qa2 43. f5 Nc5 44. Rxg7+
{Black resigns}
1-0

[Event "ICCopen2017"]
[Site "Internet Chess Club"]
[Date "2017.03.26"]
[Round "4"]
[White "ElMarginal"]
[Black "leole51"]
[Result "0-1"]
[ICCResult "White forfeits on time"]
[WhiteElo "1398"]
[BlackElo "1683"]
[Opening "Queen's pawn: Chigorin variation"]
[ECO "D00"]
[NIC "VO.15"]
[Time "19:42:11"]
[TimeControl "180+0"]

1. Nc3 d5 2. d4 Nf6 3. Nf3 Nbd7 4. Bf4 a6 5. e3 e6 6. Bd3 c5 7. O-O Be7 8.
h3 b5 9. dxc5 Nxc5 10. Be2 O-O 11. Ne5 Bb7 12. Nd3 Nce4 13. Nxe4 Nxe4 14. f3
Nf6 15. Ne5 Bc5 16. Nd3 Bb6 17. Qd2 Nh5 18. Be5 f6 19. Bd4 Ng3 20. Rf2 e5
21. Bxb6 Qxb6 22. b4 a5 23. Nc5 Rfd8 24. c3 axb4 25. cxb4 d4 26. Kh2 Nf5 27.
e4 Ne3 28. Bd3 Ra3 29. Qb2 Rda8 30. Rd2 Bc6 31. Nb3 Nc4 32. Bxc4+ bxc4 33.
Nc5 c3 {White forfeits on time} 0-1

[Event "ICCopen2017"]
[Site "Internet Chess Club"]
[Date "2017.03.26"]
[Round "4"]
[White "Revolutions"]
[Black "Incognito"]
[Result "1-0"]
[ICCResult "Black checkmated"]
[WhiteElo "1811"]
[BlackElo "1490"]
[Opening "QGD: Ragozin variation"]
[ECO "D38"]
[NIC "NI.27"]
[Time "19:42:17"]
[TimeControl "180+0"]

1. d4 d5 2. c4 e6 3. Nc3 Nf6 4. Nf3 Bb4 5. g3 dxc4 6. Bg2 Nc6 7. O-O Rb8 8.
a3 Be7 9. Bf4 b5 10. e4 O-O 11. d5 Na5 12. dxe6 Bxe6 13. Qxd8 Bxd8 14. Rad1
a6 15. Rxd8 Rbxd8 16. Bxc7 Nb3 17. Bxd8 Rxd8 18. e5 Nd5 19. Ne4 f6 20. Re1
Kf7 21. exf6 gxf6 22. h4 Bg4 23. Nh2 Bf5 24. g4 Bxe4 25. Bxe4 Nf4 26. Bxh7
Rd2 27. h5 Nh3+ 28. Kg2 Nxf2 29. Bg6+ Kg7 30. Re7+ Kg8 31. Nf3 Rxb2 32. Kg3
Nh1+ 33. Kf4 Nd4 34. h6 Re2 35. Rg7+ Kh8 36. Nxd4 Rf2+ 37. Ke3 Rf1 38. Ra7
Re1+ 39. Kd2 Re8 40. Bxe8 Ng3 41. Bg6 Ne4+ 42. Bxe4 Kg8 43. Bg6 Kf8 44. Nf5
c3+ 45. Ke3 b4 46. Ra8# {Black checkmated} 1-0

[Event "ICCopen2017"]
[Site "Internet Chess Club"]
[Date "2017.03.26"]
[Round "4"]
[White "blackjack721"]
[Black "AnthonyRaelund"]
[Result "0-1"]
[ICCResult "White forfeits on time"]
[WhiteElo "1224"]
[BlackElo "1423"]
[Opening "Sicilian"]
[ECO "B50"]
[NIC "SI.01"]
[Time "19:42:41"]
[TimeControl "180+0"]

1. e4 c5 2. Nf3 d6 3. c3 Nf6 4. h3 Nc6 5. d3 g6 6. Bg5 Bg7 7. Qd2 h6 8. Be3
b5 9. Be2 b4 10. g4 bxc3 11. bxc3 g5 12. h4 Nxg4 13. hxg5 Nxe3 14. fxe3 hxg5
15. Rxh8+ Bxh8 16. Nxg5 Qa5 17. Bh5 Ne5 18. d4 Ng6 19. Qf2 Bf6 20. Bxg6 fxg6
21. Nh7 Bg7 22. Nd2 Qxc3 23. Rc1 Qxc1+ 24. Ke2 cxd4 25. exd4 Ba6+ 26. Kf3
Qc3+ 27. Kg4 Bxd4 28. Qf8+ Kd7 29. Qxa8 Be2+ 30. Kg5 Qg3+ 31. Kh6 Be3+ 32.
Kg7 Bxd2 33. Qxa7+ Ke6 34. Nf8+ Ke5 35. Qxe7+ Kd4 36. Qa7+ Kxe4 37. Qe7+ Kd3
38. Qe6 Bc3+ 39. Kf7 Kc2 40. Nxg6 Bd3 41. Qb3+ Kd2 {White forfeits on time}
0-1

[Event "ICCopen2017"]
[Site "Internet Chess Club"]
[Date "2017.03.26"]
[Round "4"]
[White "rickky20"]
[Black "EddieBarber"]
[Result "1/2-1/2"]
[ICCResult "Black ran out of time and White has no material to mate"]
[WhiteElo "1653"]
[BlackElo "1872"]
[Opening "Trompowsky attack (Ruth, Opocenský opening)"]
[ECO "A45"]
[NIC "QP.07"]
[Time "19:42:18"]
[TimeControl "180+0"]

1. d4 Nf6 2. Bg5 Ne4 3. Bf4 c5 4. f3 Qa5+ 5. c3 Nf6 6. Nd2 cxd4 7. Nb3 Qb6
8. Qxd4 Qxd4 9. Nxd4 Nc6 10. Nb5 e5 11. Nc7+ Kd8 12. Nxa8 exf4 13. O-O-O b6
14. Nh3 Bc5 15. Kb1 Be3 16. Ng5 Rf8 17. Nh3 Bb7 18. Nxb6 axb6 19. g3 Nh5 20.
gxf4 Nxf4 21. Nxf4 Bxf4 22. Bh3 Ne5 23. Rd4 Be3 24. Rb4 Bc5 25. Ra4 Kc7 26.
Rd1 d5 27. Rf4 f6 28. Bf5 g5 29. Ra4 h5 30. b4 Be3 31. Bd3 Ra8 32. Rxa8 Bxa8
33. Kc2 Bc6 34. Kb3 Nxd3 35. Rxd3 Bf4 36. a4 Bxh2 37. b5 Bb7 38. Kb2 Be5 39.
Kc2 h4 40. Rd1 h3 41. Kd3 h2 42. Rh1 Kd6 43. Rf1 Ke6 44. e3 f5 45. Ke2 g4
46. f4 Bxc3 47. Kf2 d4 48. exd4 Bxd4+ 49. Kg3 h1=Q 50. Rxh1 Bxh1 51. Kh4 Be4
52. Kg5 Bc2 53. a5 bxa5 54. Kh4 Bd3 55. Kg3 Bxb5 56. Kh4 Bd3 57. Kg5 a4 58.
Kh4 a3 59. Kg5 Be3 60. Kh4 Bxf4 61. Kh5 Bg5 62. Kg6 g3 63. Kxg5 g2 64. Kf4
g1=Q 65. Kf3 Qe1 66. Kg2 Qe4+ 67. Kg3 Qg4+ 68. Kf2 Be4 69. Ke3 Qf3+ 70. Kd4
Qd3+ 71. Kc5 a2 72. Kb4 a1=Q 73. Kc5
{Black ran out of time and White has no material to mate}
1/2-1/2

[Event "ICCopen2017"]
[Site "Internet Chess Club"]
[Date "2017.03.26"]
[Round "4"]
[White "JJ12"]
[Black "Tal-Baron"]
[Result "0-1"]
[ICCResult "White checkmated"]
[WhiteElo "2380"]
[BlackElo "2778"]
[Opening "French: Tarrasch"]
[ECO "C03"]
[NIC "FR.14"]
[Time "19:42:19"]
[TimeControl "180+0"]

1. e4 e6 2. d4 d5 3. Nd2 Be7 4. Bd3 c5 5. dxc5 Nf6 6. Qe2 O-O 7. Ngf3 a5 8.
O-O Na6 9. exd5 Qxd5 10. Ne4 Nxc5 11. Nxc5 Qxc5 12. Be3 Qh5 13. Rfe1 Bd7 14.
Rad1 Bc6 15. Nd4 Qxe2 16. Bxe2 Be4 17. Bf3 Bxf3 18. Nxf3 a4 19. c3 Rfc8 20.
Bd4 Nd5 21. Ne5 a3 22. c4 Nb4 23. b3 Nxa2 24. Nd3 Nb4 25. Nxb4 Bxb4 26. Rf1
Rd8 27. Ba1 f6 28. g3 Kf7 29. Kg2 e5 30. Kf3 Ke6 31. Ke2 Bc5 32. Bc3 h5 33.
b4 Be7 34. Rxd8 Rxd8 35. Ra1 Ra8 36. Ra2 b6 37. f3 g5 38. h3 Ra4 39. Kd3
Bxb4 40. Ba1 Bc5 41. Kc2 Ra8 42. Kb3 Rd8 43. Bc3 Rd3 44. Kc2 Rxf3 45. Bd2
Rxg3 46. Ra1 Rxh3 47. Rf1 Rh2 48. Kd3 Rh3+ 49. Kc2 Rh2 50. Kc3 a2 51. Bxg5
Bd4+ 52. Kb3 fxg5 53. c5 a1=Q 54. Rxa1 Bxa1 55. c6 Rb2+ 56. Kc4 Kd6 57. c7
b5+ 58. Kd3 Kxc7 59. Ke4 Rb4+ 60. Kf5 Rf4+ 61. Kxg5 b4 62. Kxh5 b3 63. Kh6
b2 64. Kg6 b1=Q+ 65. Kg7 Qg1+ 66. Kh6 Rh4# {White checkmated} 0-1

[Event "ICCopen2017"]
[Site "Internet Chess Club"]
[Date "2017.03.26"]
[Round "4"]
[White "Wage-slave"]
[Black "aravind6904"]
[Result "1-0"]
[ICCResult "Black forfeits on time"]
[WhiteElo "1766"]
[BlackElo "1542"]
[Opening "Queen's pawn game, Chigorin variation"]
[ECO "D02"]
[NIC "QP.09"]
[Time "19:42:28"]
[TimeControl "180+0"]

1. Nf3 d5 2. d4 Nc6 3. e3 Nf6 4. a3 e6 5. Bd3 Be7 6. c3 O-O 7. Nbd2 Bd6 8.
Qc2 h6 9. O-O e5 10. dxe5 Nxe5 11. Nxe5 Bxe5 12. Nf3 Bd6 13. h3 c6 14. Re1
Re8 15. Nd2 Be6 16. b3 Qb6 17. a4 Qc7 18. Nf1 Qd8 19. Bb2 Qc8 20. Rad1 Bxh3
21. gxh3 Qxh3 22. Bf5 Qh4 23. Rd4 Qg5+ 24. Kh1 Qh5+ 25. Kg2 Qg5+ 26. Kf3
Qh5+ 27. Kg2 Qg5+ 28. Ng3 Bxg3 29. fxg3 Rxe3 30. Rxe3 Qxe3 31. Qd2 Qxd2+ 32.
Rxd2 Re8 33. Kf3 Ne4 34. Bxe4 Rxe4 35. Ba3 Re8 36. Bc5 a6 37. a5 f6 38. Bb6
g5 39. Bd4 Kg7 40. b4 Kg6 41. g4 f5 42. gxf5+ Kxf5 43. Rh2 Kg6 44. Kg4 Re4+
45. Kf3 Rf4+ 46. Ke3 Re4+ 47. Kd3 Re8 48. Rf2 Rg8 49. Rf6+ Kh5 50. Rf2 Kg6
51. Rh2 h5 52. Be3 g4 53. c4 dxc4+ 54. Kxc4 Re8 55. Bc5 h4 56. Rxh4 Kf5 57.
Rh1 Kf4 58. Rf1+ Kg3 59. Rg1+ Kh3 60. Bb6 g3 61. Bc7 g2 62. Kc5 Rf8 63. Rc1
Rf1 64. Rc3+ {Black forfeits on time} 1-0

[Event "ICCopen2017"]
[Site "Internet Chess Club"]
[Date "2017.03.26"]
[Round "4"]
[White "bookseller"]
[Black "habishek"]
[Result "1-0"]
[ICCResult "Black forfeits on time"]
[WhiteElo "1366"]
[BlackElo "1099"]
[Opening "Lengfellner system"]
[ECO "C01"]
[NIC "FR.01"]
[Time "19:42:18"]
[TimeControl "180+0"]

1. e4 e6 2. d4 d6 3. Nf3 Bd7 4. Bd3 Be7 5. O-O Nc6 6. c4 a6 7. Nc3 Nf6 8. e5
dxe5 9. dxe5 Nh5 10. g4 Nxe5 11. gxh5 Nxf3+ 12. Qxf3 O-O 13. Qxb7 e5 14. Qe4
f5 15. Qe2 e4 16. Bc2 Bd6 17. Nd5 Qh4 18. f4 g5 19. Qf2 gxf4 20. Qxh4 Bc5+
21. Kh1 f3 22. Bf4 Rf7 23. b4 Bd6 24. Bxd6 cxd6 25. Rad1 Bc6 26. Rde1 Bxd5
27. cxd5 Rc8 28. Ba4 Rd8 29. Qf4 Kf8 30. Bc6 Rf6 31. a3 Rc8 32. Re3 Rd8 33.
Rf2 h6 34. Qh4 Kg7 35. Kg1 Kf7 36. Kf1 Rg8 37. Ke1 Kf8 38. Kd2 Rf7 39. Qf4
Rg1 40. Qxd6+ Kg8 41. Qxh6 Ra1 42. Qd6 {Black forfeits on time} 1-0

[Event "ICCopen2017"]
[Site "Internet Chess Club"]
[Date "2017.03.26"]
[Round "4"]
[White "hipopotamos"]
[Black "ROWLAND"]
[Result "0-1"]
[ICCResult "White forfeits on time"]
[WhiteElo "1138"]
[BlackElo "1423"]
[Opening "Philidor's defense"]
[ECO "C41"]
[NIC "KP.10"]
[Time "19:42:09"]
[TimeControl "180+0"]

1. e4 e5 2. Nf3 d6 3. Nc3 Nf6 4. Bc4 Be7 5. h3 O-O 6. O-O h6 7. d3 Nc6 8. a3
Nh7 9. Bd2 Ng5 10. b3 Re8 11. Nd5 Bf8 12. Bxg5 hxg5 13. Qd2 g4 14. hxg4 Bxg4
15. Nh2 Qh4 16. g3 Qh3 17. Qg5 Be6 18. Nf6+ Kh8 19. Nxe8 Rxe8 20. Qh4+ Qxh4
21. gxh4 Bh3 22. Rfe1 Nd4 23. Rac1 Re7 24. Re3 Bd7 25. Kh1 b5 26. Bd5 c6 27.
c3 cxd5 28. cxd4 exd4 29. Rg3 dxe4 30. dxe4 Rxe4 31. Rcg1 Rxh4 32. Kg2 Bc6+
33. Kf1 Rxh2 34. b4 Bd5 35. Ke2 Bc4+ 36. Kf3 Bd5+ 37. Kg4 Rxf2 38. Rh3+ Kg8
39. Re1 Rg2+ 40. Kf4 g5+ 41. Kf5 Be6+ 42. Kf6 Bg7+ 43. Ke7 Be5 44. Rh5 Kg7
45. Reh1 Kg6 46. Rh7 Kf5 47. R1h6 Ke4 48. Rxf7 Bxf7 49. Kxf7 d3 50. Rxd6
Bxd6 51. Ke6 Bxb4 52. axb4 Rb2 53. Kd7 Rxb4 54. Ke7 Rb3 55. Kf7 d2 56. Ke8
d1=Q 57. Ke7 Qd5 58. Ke8 Rc3 59. Kf8 Rc7 {White forfeits on time} 0-1

[Event "ICCopen2017"]
[Site "Internet Chess Club"]
[Date "2017.03.26"]
[Round "4"]
[White "patterncircular"]
[Black "GnowReopard"]
[Result "0-1"]
[ICCResult "White resigns"]
[WhiteElo "2057"]
[BlackElo "2614"]
[Opening "Réti: old Indian attack"]
[ECO "A06"]
[NIC "QP.09"]
[Time "19:42:29"]
[TimeControl "180+0"]

1. Nf3 d5 2. d3 Nf6 3. c3 g6 4. Bg5 Bg7 5. Nbd2 O-O 6. e4 c5 7. Be2 Nc6 8.
O-O Qc7 9. Bh4 Rd8 10. Qc2 b6 11. Bg3 Qd7 12. Rad1 Bb7 13. Ne5 Nxe5 14. Bxe5
Qe6 15. Bxf6 Qxf6 16. Bf3 d4 17. c4 Qe6 18. g3 Qd7 19. Bg2 Rac8 20. f4 e6
21. e5 f5 22. Bxb7 Qxb7 23. a4 a6 24. b3 Bf8 25. Nf3 Be7 26. Qg2 b5 27. axb5
axb5 28. Ra1 bxc4 29. bxc4 Rc7 30. Rfb1 Qc6 31. Nd2 Qxg2+ 32. Kxg2 g5 33.
Ra6 gxf4 34. gxf4 Kf7 35. Rbb6 Rg8+ 36. Kf1 Rg6 37. Nf3 Bd8 38. Rc6 Rxc6 39.
Rxc6 Be7 40. Rc7 h6 41. Ng1 Rg4 42. Ne2 Ke8 43. Kf2 h5 44. Ra7 h4 45. Kf3 h3
46. Ng3 Kd8 47. Nh5 Rg2 48. Nf6 Bxf6 49. exf6 Ke8 50. Re7+ Kf8 51. Rxe6 Rxh2
52. Re5 Rd2 53. Rxf5 Rxd3+ 54. Ke4 Re3+ 55. Kd5 d3 56. Re5 Rxe5+ 57. fxe5 d2
58. Ke6 d1=Q {White resigns} 0-1

[Event "ICCopen2017"]
[Site "Internet Chess Club"]
[Date "2017.03.26"]
[Round "4"]
[White "lmenezes"]
[Black "cap78red"]
[Result "1-0"]
[ICCResult "Black checkmated"]
[WhiteElo "1634"]
[BlackElo "1318"]
[Opening "Trompowsky attack (Ruth, Opocenský opening)"]
[ECO "A45"]
[NIC "QP.07"]
[Time "19:42:09"]
[TimeControl "180+0"]

1. d4 Nf6 2. Bg5 g6 3. Bxf6 exf6 4. Nf3 Bg7 5. g3 d5 6. Bg2 O-O 7. c4 c6 8.
Nc3 dxc4 9. a4 b5 10. axb5 cxb5 11. Nxb5 Bb7 12. O-O Qb6 13. Na3 Nc6 14.
Nxc4 Qb4 15. Ra4 Qe7 16. d5 Ne5 17. Nfxe5 fxe5 18. d6 Qd7 19. Bd5 Bxd5 20.
Qxd5 Rac8 21. Rb4 Rfd8 22. Rd1 Qc6 23. Qa5 Bf8 24. Nxe5 Qc5 25. Rb5 Rxd6 26.
Rxc5 Rxd1+ 27. Kg2 Rxc5 28. Qa4 Rdd5 29. Nd3 Rc8 30. Qxa7 Rf5 31. Qb7 Rd8
32. b4 Bd6 33. b5 Rb8 34. Qc6 Bxg3 35. hxg3 Rfxb5 36. Qc7 R5b7 37. Qe5 Rb5
38. Qf4 Rf5 39. Qxb8+ Kg7 40. Qb2+ Rf6 41. Nf4 g5 42. Nd5 h5 43. Qxf6+ Kh7
44. Qxf7+ Kh6 45. Nf6 h4 46. Qh7# {Black checkmated} 1-0

[Event "ICCopen2017"]
[Site "Internet Chess Club"]
[Date "2017.03.26"]
[Round "4"]
[White "schiele"]
[Black "Bojack"]
[Result "0-1"]
[ICCResult "White forfeits on time"]
[WhiteElo "1803"]
[BlackElo "2073"]
[Opening "French: Steinitz variation"]
[ECO "C11"]
[NIC "FR.04"]
[Time "19:42:20"]
[TimeControl "180+0"]

1. e4 e6 2. d4 d5 3. Nc3 Nf6 4. e5 Nfd7 5. f4 c5 6. Nf3 Nc6 7. Ne2 cxd4 8.
Nexd4 Bc5 9. c3 a5 10. Bd3 Qb6 11. Bc2 Qa6 12. Qe2 Qxe2+ 13. Kxe2 Nxd4+ 14.
Nxd4 b6 15. Nb5 Ba6 16. Bd3 O-O 17. a3 f6 18. exf6 Nxf6 19. b4 Be7 20. Be3
Rac8 21. Rhc1 Rc6 22. Bd4 Ne4 23. Ke3 Bf6 24. Na7 Bxd4+ 25. Kxd4 Rc7 26.
Bxa6 Rxa7 27. Bd3 Rxf4 28. Ke5 Rf6 29. Bxe4 dxe4 30. Kxe4 Rg6 31. g3 Rg4+
32. Ke5 Kf7 33. c4 Ke7 34. c5 bxc5 35. bxc5 Rd7 36. Rd1 Rc7 37. Rac1 h5 38.
Rd6 Rg5+ 39. Kd4 h4 40. gxh4 Rg4+ 41. Ke5 Rxh4 42. Rxe6+ Kf7 43. Kd6 Rc8 44.
Rf1+ Kg8 45. c6 Rd4+ 46. Kc5 Rd2 47. Rd6 Rc2+ 48. Kb6 Rb2+ 49. Ka6 Rc7 50.
Rd8+ Kh7 51. Rd6 Rc8 52. Ka7 Rc7+ 53. Ka6 a4 54. Rf8 Rxh2 55. Rb8 Rc2 56.
Rb7 R2xc6+ 57. Rxc6 Rxc6+ 58. Kb5 Rc3 59. Kxa4 Rc1 {White forfeits on time}
0-1

[Event "ICCopen2017"]
[Site "Internet Chess Club"]
[Date "2017.03.26"]
[Round "4"]
[White "Fighterman"]
[Black "Darnoc"]
[Result "0-1"]
[ICCResult "White forfeits on time"]
[WhiteElo "2459"]
[BlackElo "2915"]
[Opening "French: Burn variation"]
[ECO "C11"]
[NIC "FR.05"]
[Time "19:42:09"]
[TimeControl "180+0"]

1. e4 e6 2. d4 d5 3. Nc3 Nf6 4. Bg5 dxe4 5. Nxe4 Be7 6. Bxf6 Bxf6 7. Nxf6+
Qxf6 8. Nf3 O-O 9. Bd3 c5 10. O-O cxd4 11. Nxd4 Rd8 12. Nb5 Nc6 13. Nc3 Nb4
14. Ne4 Qd4 15. Qh5 Nxd3 16. cxd3 h6 17. Rac1 Bd7 18. Rc7 Be8 19. Rxb7 f5
20. Qh3 fxe4 21. Qxe6+ Kh8 22. dxe4 Bd7 23. Qe7 Bc6 24. Rb4 Qd6 25. Qxd6
Rxd6 26. e5 Rd2 27. Re1 Re8 28. f4 Rxg2+ 29. Kf1 Rxh2 30. Re2 Rh1+ 31. Kf2
Rh2+ 32. Ke3 Rxe2+ 33. Kxe2 g5 34. Ke3 gxf4+ 35. Kxf4 Rf8+ 36. Ke3 Rf3+ 37.
Ke2 Rf5 38. Rb8+ Kg7 39. Rc8 Rxe5+ 40. Kd3 Re6 41. Kd4 Kg6 42. Kc5 Be8 43.
Rc7 Bf7 44. Rxa7 h5 45. Kb5 h4 46. Kb4 h3 47. Ra6 Rxa6 48. Kb5 Rxa2 49. b3
Rb2 50. b4 Rb3 51. Kc5 Rxb4 {White forfeits on time} 0-1

[Event "ICCopen2017"]
[Site "Internet Chess Club"]
[Date "2017.03.26"]
[Round "4"]
[White "splashlee2010"]
[Black "HighGround"]
[Result "1-0"]
[ICCResult "Black forfeits on time"]
[WhiteElo "1211"]
[BlackElo "1362"]
[Opening "Caro-Kann defense"]
[ECO "B10"]
[NIC "CK.01"]
[Time "19:42:30"]
[TimeControl "180+0"]

1. e4 c6 2. Nf3 d5 3. e5 Bg4 4. d4 h6 5. Be2 Nd7 6. O-O e6 7. h3 Bh5 8. Bd2
Qc7 9. c4 dxc4 10. Bxc4 b5 11. Be2 Nb6 12. Qc2 Rc8 13. Nc3 Nd5 14. Rac1 Bg6
15. Qb3 Nge7 16. Nxb5 Qb6 17. Nd6+ Kd8 18. Nxc8 Kxc8 19. Qxb6 axb6 20. Bb5
Kb7 21. Bc4 Be4 22. a3 Ng6 23. Be2 Be7 24. b4 Ra8 25. Ra1 Bc2 26. Rfc1 Ba4
27. Be3 Ngf4 28. Bf1 g5 29. g3 Ng6 30. Nd2 b5 31. Bd3 Nxe3 32. fxe3 Nf8 33.
Bc2 Bxc2 34. Rxc2 Nd7 35. Nb3 Nb6 36. Nc5+ Bxc5 37. bxc5 Nd5 38. Rb1 Nxe3
39. Rcb2 Nc4 40. Rb3 Nd2 41. Rd3 Nxb1 42. Kf2 Nxa3 43. Ke2 Nc4 44. Kf3 Ra2
45. Kg4 Rg2 46. Kf3 {Black forfeits on time} 1-0

[Event "ICCopen2017"]
[Site "Internet Chess Club"]
[Date "2017.03.26"]
[Round "4"]
[White "ibarra"]
[Black "Wilsonpalencia"]
[Result "1-0"]
[ICCResult "Black checkmated"]
[WhiteElo "2769"]
[BlackElo "2513"]
[Opening "Sicilian: dragon, Yugoslav attack, Rauser variation"]
[ECO "B76"]
[NIC "SI.17"]
[Time "19:41:41"]
[TimeControl "180+0"]

1. e4 c5 2. Nf3 d6 3. d4 cxd4 4. Nxd4 Nf6 5. Nc3 g6 6. Be3 Bg7 7. f3 O-O 8.
Qd2 Nc6 9. O-O-O Nxd4 10. Bxd4 Be6 11. Kb1 Qc7 12. Nd5 Bxd5 13. exd5 Nd7 14.
Bxg7 Kxg7 15. h4 h5 16. g4 hxg4 17. h5 Rh8 18. fxg4 Ne5 19. Be2 Rac8 20.
Rdf1 Qd7 21. Qd4 f6 22. g5 f5 23. hxg6 Kxg6 24. Rh6+ Rxh6 25. gxh6 Kh7 26.
Rg1 Rg8 27. Rxg8 Kxg8 28. Qg1+ Ng4 29. Bxg4 fxg4 30. Qd4 e5 31. dxe6 Qe7 32.
Qxg4+ Kh7 33. Qf5+ Kxh6 34. a4 Kg7 35. Ka2 Qf6 36. Qd5 Qe7 37. Kb3 Kf6 38.
Qd4+ Kxe6 39. Qxa7 Qc7 40. Qe3+ Kd7 41. Qc3 Qb6+ 42. Qb4 Qe3+ 43. Qc3 Qb6+
44. Ka2 Qa6 45. Qb3 Kc7 46. Ka3 Qa7 47. Qc3+ Kd7 48. Qg7+ Kc6 49. Qc3+ Kd7
50. b4 Qg1 51. a5 Qc1+ 52. Kb3 Qb1+ 53. Ka3 Qc1+ 54. Ka4 Qf1 55. b5 Qf4+ 56.
Kb3 Qf5 57. Qc4 Qf3+ 58. Kb2 Qf6+ 59. Ka2 Qe5 60. Kb3 Qc5 61. Qxc5 dxc5 62.
Kc4 Kd6 63. a6 bxa6 64. bxa6 Kc6 65. a7 Kb7 66. Kxc5 Kxa7 67. c4 Kb8 68. Kd6
Kb7 69. c5 Kc8 70. Kc6 Kb8 71. Kd7 Kb7 72. c6+ Kb6 73. c7 Kc5 74. c8=Q+ Kd5
75. Qc6+ Ke5 76. Qe6+ Kd4 77. Qf5 Ke3 78. Kd6 Kd4 79. Qg4+ Ke3 80. Kd5 Kd3
81. Qg3+ Kd2 82. Kd4 Ke2 83. Qg2+ Ke1 84. Kd3 Kd1 85. Qg1# {Black
checkmated} 1-0